 Dungeon Crawl Stone Soup version 0.26-a0-1053-gaff5f71418 (webtiles) character file.

Game seed: 14563315242784837426

133 SkeletonJelly the Skirmisher (level 4, -5/37 HPs)
             Began as a Demonspawn Monk on Dec 12, 2020.
             Slain by Grinder (8 damage)
             ... while paralysed by Grinder
             ... on level 3 of the Dungeon.
             The game lasted 00:05:40 (3295 turns).

SkeletonJelly the Skirmisher (Demonspawn Monk)      Turns: 3295, Time: 00:05:40

Health: -5/37      AC:  5    Str: 11    XL:     4   Next: 93%
Magic:  0/4        EV:  2    Int: 13    God:
Gold:   166        SH:  0    Dex: 15    Spells: 3/3 levels left

rFire    . . .     SeeInvis .   a - +0 spear
rCold    + + .     Faith    .   (no shield)
rNeg     . . .     Spirit   +   b - +0 robe
rPois    .         Reflect  +   (no helmet)
rElec    .         Harm     .   c - +2 cloak
rCorr    .         Rampage  .   (no gloves)
Will     .....                  (no boots)
Stlth    ++........             e - amulet of reflection
HPRegen  0.12/turn              k - ring of wizardry
MPRegen  0.09/turn              q - ring of protection from cold

@: paralysed
A: cold resistance 1, magic shield
a: no special abilities


You were on level 3 of the Dungeon.
You visited 1 branch of the dungeon, and saw 4 of its levels.

You collected 166 gold pieces.

Inventory:

Hand Weapons
 a - a +0 spear (weapon)
Missiles
 i - 30 poisoned darts (quivered)
Armour
 b - a +0 robe (worn)
 c - a +2 cloak (worn)
 w - a +0 kite shield
Jewellery
 e - an amulet of reflection (around neck)
 j - an uncursed amulet of regeneration {unknown}
 k - a ring of wizardry (left hand)
 q - a ring of protection from cold (right hand)
Wands
 y - a wand of polymorph (7)
Scrolls
 d - 6 scrolls of identify {unknown}
 f - 3 scrolls of random uselessness {unknown}
 l - 2 scrolls of amnesia {unknown}
 m - a scroll of magic mapping {unknown}
 n - a scroll of noise {unknown}
 p - 2 scrolls of enchant weapon {unknown}
 s - a scroll of fear {unknown}
 t - 3 scrolls of teleportation {unknown}
 u - a scroll of fog {unknown}
 A - a scroll of enchant armour {unknown}
Potions
 g - 2 potions of curing
 h - 2 potions of degeneration {unknown}
 o - 2 potions of invisibility {unknown}
 r - a potion of ambrosia {unknown}
 v - a potion of flight {unknown}
 z - a potion of berserk rage {unknown}


   Skills:
 + Level 3.8 Fighting
 + Level 3.5 Polearms
 + Level 3.4 Dodging
 + Level 2.9 Stealth


You had 3 spell levels left.
You didn't know any spells.
Your spell library was empty.

Dungeon Overview and Level Annotations

Branches:
Dungeon (4/15)
 Temple: D:4-7

Altars:
Elyvilon
Wu Jian

Annotations:
D:3 Grinder


Innate Abilities, Weirdness & Mutations

Your flesh is cold resistant. (rC+)
When hurt, damage is shared between your health and your magic reserves.


Message History

You closely miss the hobgoblin.
The hobgoblin is almost dead.
The hobgoblin hits you with a +0 club.
You take 4 damage, and have 33/37 hp.
You now have 3/4 mp.
You hit the hobgoblin.
You kill the hobgoblin!
No target in view!
No target in view!
No target in view!
No target in view!
No target in view!
No target in view!
No target in view!
No target in view!
No target in view!
No target in view!
No target in view!
No target in view!
No target in view!
No target in view!
No target in view!
No target in view!
No target in view!
No target in view!
No target in view!
No target in view!
No target in view!
No target in view!
Evoke which item? (* to show all) (? for menu, Esc to quit)
Okay, then.
Unknown command.
Unknown command.
Magic restored.
HP restored.
You see here a +0 club.
Key pressed, stopping explore.
Key pressed, stopping explore.
Grinder shouts!
Found a potion of curing.
You see here 2 stones.
Grinder is nearby!
Health restored: 37; MP restored: 4 Evoke which item? (* to show all) (? for menu, Esc to quit)
Okay, then.
Evoke which item? (* to show all) (? for menu, Esc to quit)
Aiming: Polymorph
Press: ? - help, Shift-Dir - straight line, f - Grinder
Aim: Grinder (will become a white imp, a chaos spawn, or a ynoxinul, chance to affect: 46%) Grinder resists with some effort.
Grinder gestures at you. You resist with significant effort.
You start waiting.
Grinder is nearby!
Evoke which item? (* to show all) (? for menu, Esc to quit)
Aiming: Corrosive Bolt
Press: ? - help, Shift-Dir - straight line, f/p - Grinder
Aim: Grinder (32% to evade)
The bolt of acid hits Grinder!
Grinder is splashed with acid.
Grinder is heavily wounded.
Evoke which item? (* to show all) (? for menu, Esc to quit)
Aiming: Corrosive Bolt
Press: ? - help, Shift-Dir - straight line, f/p - Grinder
Aim: Grinder (heavily wounded, 32% to evade)
The bolt of acid hits Grinder!
Grinder is splashed with acid.
Grinder is severely wounded.
Grinder hits you!
You writhe in agony.
You take 12 damage, and have 25/37 hp.
MASSIVE DAMAGE!!
You now have 2/4 mp.
Evoke which item? (* to show all) (? for menu, Esc to quit)
Aiming: Corrosive Bolt
Press: ? - help, Shift-Dir - straight line, f/p - Grinder
Aim: Grinder (severely wounded, 32% to evade)
The bolt of acid misses Grinder.
The now-empty wand crumbles to dust.
You block Grinder's attack.
You closely miss Grinder.
Grinder is severely wounded.
Grinder hits you!
You writhe in agony.
* * * LOW HITPOINT WARNING * * *
You take 14 damage, and have 11/37 hp.
MASSIVE DAMAGE!!
You now have 1/4 mp.
Evoke which item? (* to show all) (? for menu, Esc to quit)
Okay, then.
Okay, then.
You hit Grinder.
Grinder is severely wounded.
Grinder barely misses you.
You hit Grinder.
Grinder is almost dead.
You hit Grinder but do no damage.
Grinder is almost dead.
Grinder gestures at you.
You suddenly lose the ability to move!
Grinder hits you.
* * * LOW HITPOINT WARNING * * *
Grinder hits you.
* * * LOW HITPOINT WARNING * * *
You writhe in agony.
* * * LOW HITPOINT WARNING * * *
Grinder gestures at you. You resist with significant effort. Grinder hits you!
You die...

......##..####.# #.#
......##..# #.# #.#
......##..# #.# #.#
.#...###..# #.# #.#
.#...# #..# #.# #.#
.#...###..# #.# #.#
.#....##..####.# #.#
.#....##.......#####.#
.#....###.####.5@....#
.#...........#.#######
.#...####.##.#.#
>.........# .#.#
###.####### .#.# #.#
.#5# #.# .#.# #.# .#!
#.# .#


You could see Grinder.

Vanquished Creatures
  Ijyb (D:3)
  3 adders (D:3)
  A shadow imp (D:3)
  3 worms
  A dart slug (D:1)
  A leopard gecko (D:1)
  An orc (D:4)
  5 giant cockroaches
  7 goblins
  10 hobgoblins
  6 jackals
  3 kobolds
  A ball python (D:3)
  9 bats
  A frilled lizard (D:1)
  6 rats
59 creatures vanquished.

Notes
Turn   | Place    | Note
-------+----------+-------------------------------------------
     0 | D:1      | SkeletonJelly the Demonspawn Monk began the quest for the
                  | Orb.
     0 | D:1      | Reached XP level 1. HP: 18/18 MP: 1/1
   332 | D:1      | Gained mutation: Your flesh is cold resistant. (rC+)
                  | [demonic ancestry]
   332 | D:1      | Reached XP level 2. HP: 24/24 MP: 2/2
   742 | D:1      | Reached XP level 3. HP: 23/29 MP: 3/3
  1454 | D:2      | You fall into a shaft and drop 2 floors!
  1487 | D:4      | Noticed an ogre
  1743 | D:3      | Noticed Grinder
  1878 | D:3      | Found an ornate altar of the Wu Jian Council.
  1949 | D:3      | Gained mutation: When hurt, damage is shared between your
                  | health and your magic reserves. [demonic ancestry]
  1949 | D:3      | Reached XP level 4. HP: 14/36 MP: 4/4
  2134 | D:3      | Found an ornate altar of the Wu Jian Council.
  2418 | D:3      | Noticed Ijyb
  2458 | D:3      | Killed Ijyb
  2724 | D:2      | Found a white marble altar of Elyvilon.
  3291 | D:3      | Paralysed by Grinder for 4 turns
  3295 | D:3      | Slain by Grinder

Illustrated notes

Levels and vault maps discovered:
D:1:      evilmike_arrival_plus, layout_rooms
D:2:      layout_basic, elyvilon_altar_1
D:3:      layout_basic, marbit_many_paths, lemuel_tele_altar, uniq_ijyb,
          uniq_grinder
D:4:      layout_loops_cross, lemuel_temple_firewalk_a, serial_shops, shop,
          lemuel_old_faithful

Skill      XL: |  1  2 |
---------------+-------+-----
Stealth        | 2 |  2.9
Polearms       | 3 |  3.5
Dodging        | 3 |  3.4
Fighting       | |  3.8

Action                   |  1- 3 |  4- 6 || total
-------------------------+-------+-------++-------
Melee: Spear             |   267 |    44 ||   311
       Unarmed           |       |     4 ||     4
Throw: Dart              |       |     4 ||     4
Evoke: Wand              |       |     5 ||     5
 Stab: Sleeping          |    12 |     4 ||    16
Armor: Robe              |    53 |    12 ||    65
       Skin              |       |     2 ||     2
Dodge: Dodged            |   128 |    40 ||   168
Block: Other             |    48 |    15 ||    63
       Reflection        |     3 |     1 ||     4

Table legend: (Time is in decaauts)
 A = Elapsed time spent in this place.
 B = Non-inter-level travel time spent in this place.
 C = Inter-level travel time spent in this place.
 D = Time resting spent in this place.
 E = Time spent auto-exploring this place.
 F = Levels seen in this place.
 G = Mean time per level.
                   A        B        C        D        E       F      G
               +--------+--------+--------+--------+--------+-----+--------+
         Total |   3269 |   3186 |     83 |      3 |   2580 |   4 |  817.2 |
       Dungeon |   3269 |   3186 |     83 |      3 |   2580 |   4 |  817.2 |
               +--------+--------+--------+--------+--------+-----+--------+

Top non-repeatable levels by time:
     D:3: 1217 daAuts
     D:1: 1014 daAuts
     D:2: 978 daAuts
     D:4: 59 daAuts
